 Dungeon Crawl Stone Soup version 0.29.1-13-g9f3cf754e1 (webtiles) character file.

Game seed: 6775323333420420401

36 retardedninja the Conjurer (level 3, -3/26 HPs)
             Began as a Draconian Conjurer on Jan 20, 2023.
             Slain by a black bear (6 damage)
             ... on level 2 of the Dungeon.
             The game lasted 00:03:14 (1824 turns).

retardedninja the Conjurer (Draconian Conjurer)     Turns: 1824, Time: 00:03:15

Health: -3/26      AC:  5    Str: 11    XL:     3   Next: 19%
Magic:  0/7        EV: 12    Int: 18    God:
Gold:   81         SH:  0    Dex:  9    Spells: 6/7 levels left

rFire   . . .      SeeInvis .   e - +0 dagger
rCold   . . .      Faith    .   (no shield)
rNeg    . . .      Spirit   .   (body armour unavailable)
rPois   .          Reflect  .   (helmet restricted)
rElec   .          Harm     .   (no cloak)
rCorr   .          Rampage  .   (no gloves)
Will    .....                   (no boots)
Stlth   ++........              (no amulet)
HPRegen 0.08/turn               (no ring)
MPRegen 0.10/turn               (no ring)

@: brilliant, about to teleport
A: AC +5, unfitting armour, cold-blooded
a: no special abilities


You were on level 2 of the Dungeon.
You visited 1 branch of the dungeon, and saw 2 of its levels.

You collected 81 gold pieces.

Inventory:

Hand Weapons
 e - a +0 dagger (weapon)
Jewellery
 m - a +4 ring of evasion
Scrolls
 c - a scroll of enchant weapon {unknown}
 d - 2 scrolls of poison {unknown}
 g - 2 scrolls of teleportation
 h - 2 scrolls of acquirement
 i - a scroll of blinking {unknown}
 j - 2 scrolls of immolation {unknown}
 k - a scroll of identify
 l - a scroll of noise {unknown}
Potions
 a - a potion of magic
 f - a potion of brilliance


   Skills:
 + Level 2.1 Dodging
 + Level 2.2 Stealth
 * Level 2.6 Spellcasting
 + Level 4.2 Conjurations


You had 6 spell levels left.
You knew the following spells:

 Your Spells              Type           Power      Damage    Failure   Level
a - Magic Dart            Conj           100%       1d8       3%          1

Your spell library contained the following spells:

 Spells                   Type           Power      Damage    Failure   Level
 Searing Ray              Conj           52%        2d6       4%          2
 Dazzling Flash           Conj/Hex       30%        N/A       22%         3
 Ensorcelled Hibernation  Hex/Ice        6%         N/A       26%         2
 Passwall                 Tmut/Erth      2%         N/A       26%         2
 Swiftness                Air            3%         N/A       45%         3
 Fulminant Prism          Conj/Hex       7%         3d7       56%         4
 Iskenderun's Mystic Bla  Conj/Tloc      15%        2d5       56%         4


Dungeon Overview and Level Annotations

Branches:
Dungeon (2/15)

Altars:


Innate Abilities, Weirdness & Mutations

Your plain brown scales are hard. (AC +5)
You cannot fit into any form of body armour.
You are cold-blooded and may be slowed by cold attacks.


Message History

Aim: a black bear (moderately wounded, 100% to hit)
You feel a surge of power!
The magic dart hits the black bear.
The black bear is heavily wounded.
The black bear misses you. The black bear barely misses you.
The black bear misses you.
Aiming: Magic Dart (safe; 3% risk of failure)
Press: ? - help, Q - select action Shift-Dir - straight line, f/p - black bear
Aim: a black bear (heavily wounded, 100% to hit)
You feel a surge of power!
The magic dart hits the black bear.
The black bear is heavily wounded.
The black bear bites you.
* * * LOW HITPOINT WARNING * * *
The black bear completely misses you. The black bear closely misses you.
You feel better. The black bear bites you. The black bear closely misses you.
The black bear claws you but does no damage.
Aiming: Magic Dart (safe; 3% risk of failure)
Press: ? - help, Q - select action Shift-Dir - straight line, f/p - black bear
Aim: a black bear (heavily wounded, 100% to hit)
You feel a surge of power!
The magic dart hits the black bear.
The black bear is severely wounded.
The black bear bites you.
* * * LOW HITPOINT WARNING * * *
The black bear closely misses you. The black bear claws you.
* * * LOW HITPOINT WARNING * * *
Aiming: Magic Dart (safe; 3% risk of failure)
Press: ? - help, Q - select action Shift-Dir - straight line, f/p - black bear
Aim: a black bear (severely wounded, 100% to hit)
You feel a surge of power!
The magic dart hits the black bear.
The black bear is severely wounded.
The black bear closely misses you. The black bear claws you.
* * * LOW HITPOINT WARNING * * *
The black bear claws you but does no damage.
As you read the scroll labelled VAMEDGHAJOL, it crumbles to dust.
You feel strangely unstable.
It was a scroll of teleportation.
The black bear goes berserk!
As you read the scroll labelled OBYCWE WEELYA, it crumbles to dust.
It is a scroll of identify.
h - 2 scrolls of acquirement The black bear bites you.
You die...

### ..# #.. ..# #.#
..## #.# ..)# #.#
...# #.# ...#
#######.#####...#
###.........@h..#
#####.........###.###
......#........†...#
#########.#######..#
#†# #..# #.# ##.# #.#
.[ # )^# #. #


You could see a black bear (berserk).

Vanquished Creatures
  An adder (D:2)
  2 dart slugs (D:1)
  An endoplasm (D:1)
  2 giant cockroaches
  2 goblins (D:1)
  2 hobgoblins (D:1)
  A quokka (D:1)
  3 bats
  2 frilled lizards
  5 kobolds
  A rat (D:2)
22 creatures vanquished.

Notes
Turn   | Place    | Note
-------+----------+-------------------------------------------
     0 | D:1      | retardedninja the Draconian Conjurer began the quest for
                  | the Orb.
     0 | D:1      | Reached XP level 1. HP: 14/14 MP: 3/3
   866 | D:1      | Reached XP level 2. HP: 19/20 MP: 0/5
  1447 | D:2      | Reached XP level 3. HP: 26/26 MP: 1/6
  1811 | D:2      | Noticed a black bear
  1824 | D:2      | Identified 2 scrolls of acquirement
  1824 | D:2      | Slain by a black bear

Illustrated notes

Levels and vault maps discovered:
D:1:      lightli_arrival_maybe_door_vault, layout_loops_ring
D:2:      layout_rooms, minmay_split_cup_small, uniq_crazy_yiuf_cottage,
          uniq_robin

Skill      XL: |  1  2 |
---------------+-------+-----
Stealth        | 2 |  2.2
Dodging        | 2 |  2.1
Spellcasting   | |  2.6
Conjurations   | |  4.2

Action                   || total
-------------------------++-------
Melee: Dagger            ||    36
       Unarmed           ||    12
       Tailslap          ||     5
 Cast: Magic Dart        ||    47
  Use: Potion            ||     3
       Scroll            ||     2
Armor: Skin              ||    19
Dodge: Dodged            ||    51
